 Dungeon Crawl Stone Soup version 0.17-a0-1046-ga09e34d (webtiles) character file.

58 RobertPalmer the Slasher (level 4, -1/42 HPs)
             Began as a Naga Chaos Knight on May 15, 2015.
             Killed from afar by an orc wizard (12 damage)
             ... with a puff of flame
             ... on level 3 of the Dungeon.
             The game lasted 00:02:42 (1619 turns).

RobertPalmer the Slasher (Naga Chaos Knight)        Turns: 1619, Time: 00:02:42

Health: -1/42      AC:  5    Str: 14      XL:     4   Next: 2%
Magic:  4/4        EV:  9    Int: 14      God:    Xom [....*.]
Gold:   115        SH:  0    Dex:  9 (10) Spells: 0 memorised, 3 levels left

rFire  . . .     SeeInvis +     a - +0 falchion (chaos)
rCold  . . .     Clarity  .     b - +2 leather armour
rNeg   . . .     SustAb   .     (no shield)
rPois  +         Gourm    .     (no helmet)
rElec  .         Spirit   .     (no cloak)
rCorr  .         Warding  .     (no gloves)
rMut   .         Stasis   .     (no barding)
MR     .....                    h - amulet of rage {+Rage, !d}
Stlth  +.........               (no ring)
                                (no ring)

@: very slow, not resistant to hostile enchantments, very unstealthy
A: see invisible, deformed body, poison resistance, slowness 2, slow metabolism
1, spit poison 2, AC +1
a: Spit Poison, Renounce Religion, Evoke Berserk Rage


You were on level 3 of the Dungeon.
You worshipped Xom.
You were a beloved toy of Xom.
You were near starving.

You visited 1 branch of the dungeon, and saw 3 of its levels.

You collected 115 gold pieces.

Inventory:

Hand weapons
 a - a +0 falchion of chaos (weapon)
Missiles
 k - 2 throwing nets {=f, !d}
Armour
 b - a +2 leather armour (worn)
Jewellery
 h - an amulet of rage (around neck) {+Rage, !d}
   (You found it on level 1 of the Dungeon)
Scrolls
 e - a scroll of identify
 f - 3 scrolls of remove curse {unknown}
 i - 2 scrolls of amnesia {unknown}
Potions
 d - 2 potions of curing {unknown}
 g - a potion of poison {unknown}
 l - a potion of magic {unknown}
 p - a potion of flight {unknown}
Comestibles
 c - 5 bread rations {@e1}
 j - a royal jelly
 n - 4 fruits
 o - a meat ration {@e2}


   Skills:
 - Level 3.0 Fighting
 + Level 4.7 Long Blades
 - Level 1.5 Armour
 - Level 0.7 Dodging


You had 3 spell levels left.
You didn't know any spells.

Dungeon Overview and Level Annotations

Branches:
Dungeon (3/15)

Altars:
Ashenzari

Portals:
Sewer: D:3


Innate Abilities, Weirdness & Mutations

You cannot wear boots.
Your serpentine skin is tough (AC +1).
You have supernaturally acute eyesight.
Armour fits poorly on your strangely shaped body.
Your system is resistant to poisons.
You cover ground very slowly.
You have a slow metabolism.
You can spit poison.


Message History

Your leather armour prevents you from hitting the giant gecko.
The giant gecko bites you. The giant gecko barely misses you.
You take 1 damage, and have 32/34 hp.
You hit the giant gecko. You freeze the giant gecko.
You kill the giant gecko!
No target in view! 2 giant cockroaches and an orc wizard come into view.
The orc wizard shouts! 2 orcs come into view. 2 giant geckos come into view.
The orc shouts! x2
The orc wizard gestures at you while chanting.
The puff of frost hits you!
You take 8 damage, and have 24/34 hp.
MASSIVE DAMAGE!!
The orc wizard points at you and mumbles some strange words.
The magic dart hits you!
You take 8 damage, and have 16/34 hp.
MASSIVE DAMAGE!!
You hear the slow rusting of a drain.
The giant cockroach bites you.
You take 1 damage, and have 15/34 hp.
The giant cockroach closely misses you.
You hit the giant cockroach. You burn the giant cockroach.
The giant cockroach waves its antennae.
The giant cockroach bites you but does no damage.
You barely miss the giant cockroach. The giant cockroach misses you.
You hit the giant cockroach. You freeze the giant cockroach.
You kill the giant cockroach!
You hit the giant cockroach. The giant cockroach barely misses you.
The giant cockroach bites you but does no damage.
You closely miss the giant cockroach.
The giant cockroach bites you but does no damage.
You closely miss the giant cockroach. The giant cockroach barely misses you.
You hit the giant cockroach. You freeze the giant cockroach.
The giant cockroach barely misses you.
You barely miss the giant cockroach. The giant cockroach bites you.
The giant cockroach closely misses you.
You take 1 damage, and have 15/34 hp.
You hit the giant cockroach. The giant cockroach closely misses you.
You completely miss the giant cockroach.
The giant cockroach bites you but does no damage.
You barely miss the giant cockroach.
The giant cockroach bites you but does no damage.
You barely miss the giant cockroach.
The giant cockroach bites you but does no damage. x2
You hit the giant cockroach but do no damage.
The giant cockroach's antennae glow momentarily.
The giant cockroach bites you but does no damage.
You hit the giant cockroach.
You kill the giant cockroach!
You hit the giant gecko but do no damage.
The giant gecko disappears!
You slash the giant gecko! You freeze the giant gecko.
You kill the giant gecko!
You hit the orc. You burn the orc.
You kill the orc!
The orc throws a tomahawk.
The tomahawk hits you but does no damage.
The orc hits you.
Things that are here:
a dagger; a giant gecko corpse You take 2 damage, and have 14/34 hp.
You hit the orc.
You kill the orc!
You have reached level 4!
You feel clever.
You regained 3 hp, and now have 17/42 hp.
MP restored: 4 You barely miss the orc wizard.
The orc wizard hits you but does no damage.
You hit the orc wizard but do no damage.
The orc wizard hits you but does no damage.
You miss the orc wizard.
The orc wizard hits you but does no damage.
You hit the orc wizard. You freeze the orc wizard.
The orc wizard hits you but does no damage.
You hit the orc wizard.
The orc wizard becomes somewhat translucent.
The orc wizard hits you but does no damage.
You closely miss the orc wizard.
The orc wizard points at you and mumbles some strange words.
The puff of flame misses you.
Unknown command.
You hit the orc wizard but do no damage.
The orc wizard casts a spell.
The orc wizard seems to speed up.
You closely miss the orc wizard. The orc wizard closely misses you.
You hit the orc wizard but do no damage.
The orc wizard hits you with a dagger. The orc wizard closely misses you.
You take 1 damage, and have 17/42 hp.
You closely miss the orc wizard.
The orc wizard gestures at you while chanting.
The magic dart hits you!
* * * LOW HITPOINT WARNING * * *
You take 6 damage, and have 11/42 hp.
You barely miss the orc wizard.
The orc wizard gestures at you while chanting.
The puff of flame hits you!
You die...

#≈≈≈# #≈≈≈# #≈∩≈#
#≈≈≈# #≈l≈# #.
#≈≈l# ##..#≈≈≈#
....#...#######.#
.........o@(.....#
.......#.#########
.....o....##
#...#.....<#
...##......# ##?
#..#.#.# ?
#..#.#.# ....#.#.#
..##.#.#.#


You could see an orc wizard.

Vanquished Creatures
  A quasit (D:2)
  An adder (D:2)
  10 giant geckos
  2 orcs (D:3)
  5 giant cockroaches
  6 hobgoblins
  A kobold (shapeshifter) (D:1)
  5 bats
  A giant newt (D:2)
  3 goblins (D:1)
  5 kobolds
  4 rats
44 creatures vanquished.

Notes
Turn   | Place    | Note
--------------------------------------------------------------
     0 | D:1      | RobertPalmer the Naga Chaos Knight began the quest for the Orb.
     0 | D:1      | Reached XP level 1. HP: 21/21 MP: 1/1
   157 | D:1      | XOM: divination: magic mapping
   286 | D:1      | Reached XP level 2. HP: 24/28 MP: 2/2
   534 | D:1      | Reached skill level 4 in Long Blades
   601 | D:1      | Reached XP level 3. HP: 32/34 MP: 3/3
   758 | D:2      | Found a shattered altar of Ashenzari.
   873 | D:2      | XOM: harmless Conj miscast
   980 | D:2      | XOM: summons 2 hostile shadow creatures
  1163 | D:2      | XOM: silly message
  1418 | D:2      | XOM: summons 1 hostile demon
  1427 | D:2      | XOM: vitrification
  1579 | D:3      | Found a glowing drain.
  1608 | D:3      | Reached XP level 4. HP: 17/42 MP: 4/4
  1619 | D:3      | Killed from afar by an orc wizard

Vault maps used:
D:1:      dpeg_arrival_radiant, hangedman_decor_points
D:2:      evilmike_ruin_ashenzari, first_bread, roderic_cross_of_infinity,
          hangedman_decor_growths
D:3:      portal_sewer_entry_f, minivault_19, nicolae_dithmenos_shadow_blocks

Action                   |  1- 3 |  4- 6 || total
-------------------------+-------+-------++-------
Melee: Falchion          |   147 |    11 ||   158
  Use: Scroll            |     2 |       ||     2
 Stab: Paralysed         |     2 |       ||     2

Vault maps used:
D:1:      dpeg_arrival_radiant, hangedman_decor_points
D:2:      evilmike_ruin_ashenzari, first_bread, roderic_cross_of_infinity,
          hangedman_decor_growths
D:3:      portal_sewer_entry_f, minivault_19, nicolae_dithmenos_shadow_blocks

Table legend:
 A = Turns spent in this place as a percentage of turns spent in the entire game.
 B = Non-inter-level travel turns spent in this place as a percentage of non-inter-level travel turns spent in the entire game.
 C = Inter-level travel turns spent in this place as a percentage of turns spent in this place.
 D = Turns resting spent in this place as a percentage of non-inter-level travel turns spent in this place.
 E = Turns spent auto-exploring this place as a percentage of non-inter-level travel turns spent in this place.
 F = Non-inter-level travel turns spent in this place divided by the number of levels of this place that you've seen.
                   A       B       C       D       E      F
               +-------+-------+-------+-------+-------+----------------------
         Total | 100.0 | 100.0 |   0.6 |   0.0 |  14.8 | 155.3
       Dungeon | 100.0 | 100.0 |   0.6 |   0.0 |  14.8 | 155.3
               +-------+-------+-------+-------+-------+----------------------

Table legend:
 A = Kills in this place as a percentage of kills in entire the game.
 B = Kills by you in this place as a percentage of kills by you in the entire game.
 C = Kills by friends in this place as a percentage of kills by friends in the entire game.
 D = Other kills in this place as a percentage of other kills in the entire game.
 E = Experience gained in this place as a percentage of experience gained in the entire game.
 F = Experience gained in this place divided by the number of levels of this place that you have seen.
                   A       B       C       D       E      F
               +-------+-------+-------+-------+-------+----------------------
         Total | 100.0 | 100.0 |  -nan |  -nan | 100.0 |  28.0
       Dungeon | 100.0 | 100.0 |  -nan |  -nan | 100.0 |  28.0
               +-------+-------+-------+-------+-------+----------------------
